 Dungeon Crawl Stone Soup version 0.22.1-2-g9c5b331 (webtiles) character file.

3180 MalarOregon the Spear-Bearer (level 9, -23/68 HPs)
             Began as a Merfolk Transmuter on Nov 21, 2018.
             Was a Follower of Nemelex Xobeh.
             Killed from afar by Dowan (25 damage)
             ... with a shard of ice
             ... on level 7 of the Dungeon.
             The game lasted 00:24:05 (11809 turns).

MalarOregon the Spear-Bearer (Merfolk Transmuter)  Turns: 11809, Time: 00:24:06

Health: -23/68     AC:  7    Str: 12    XL:     9   Next: 95%
Magic:  17/17      EV: 14    Int: 15    God:    Nemelex Xobeh [*.....]
Gold:   466        SH:  8    Dex: 15    Spells: 5/19 levels left

rFire    . . .     SeeInvis .   d - +4 spear
rCold    . . .     Gourm    .   t - +0 shield
rNeg     + . .     Faith    .   s - +2 robe {MR+}
rPois    .         Spirit   .   (no helmet)
rElec    .         Reflect  .   v - +2 cloak
rCorr    .         Harm     .   (no gloves)
MR       +....                  (no boots)
Stlth    +.........             (no amulet)
HPRegen  0.21/turn              w - +2 ring of strength
MPRegen  0.15/turn              h - ring of positive energy

@: no status effects
A: change form in water, swift swim, stealthy swim
a: Renounce Religion


You were on level 7 of the Dungeon.
You worshipped Nemelex Xobeh.
Nemelex Xobeh was aware of your devotion.
You were very hungry.

You visited 2 branches of the dungeon, and saw 8 of its levels.
You also visited: Ossuary.

You collected 466 gold pieces.

Inventory:

Hand Weapons
 d - a +4 spear (weapon)
   (You found it on level 1 of the Dungeon)
Missiles
 a - 44 arrows
Armour
 s - a +2 robe of magic resistance (worn)
   (You took it off Jessica on level 3 of the Dungeon)
 t - a +0 shield (worn)
   (You found it on level 6 of the Dungeon)
 v - a +2 cloak (worn)
   (You found it on level 7 of the Dungeon)
Jewellery
 h - a ring of positive energy (right hand)
   (You found it on level 7 of the Dungeon)
 u - an uncursed ring of fire
   (You took it off an orc on level 4 of the Dungeon)
 w - a +2 ring of strength (left hand)
   (You found it on level 5 of the Dungeon)
Wands
 x - a wand of acid (8)
   (You found it on level 4 of the Dungeon)
Scrolls
 i - 3 scrolls of immolation {!r}
 l - a scroll of fog
 m - 2 scrolls of teleportation {@r4}
 p - a scroll of enchant armour
Potions
 b - 2 potions of mutation {!q}
 c - 5 potions of brilliance
 f - 2 potions of heal wounds {@q2}
 j - a potion of berserk rage
 k - 3 potions of haste {@q3}
 n - 2 potions of curing {@q1}
 o - a potion of cancellation
 q - a potion of lignification {!q}
 r - a potion of agility
Miscellaneous
 g - a plain deck of destruction {drawn: 1}
   (Nemelex Xobeh gifted it to you on level 4 of the Dungeon)
Comestibles
 e - 6 rations {!d}


   Skills:
 + Level 5.2 Fighting
 + Level 9.1 Polearms
 + Level 6.8 Dodging
 + Level 2.2 Shields
 + Level 6.1 Unarmed Combat
 + Level 5.5 Spellcasting
 + Level 6.7 Transmutations
 + Level 3.7 Invocations


You had 5 spell levels left.
You knew the following spells:

 Your Spells              Type           Power        Failure   Level  Hunger
a - Blade Hands           Tmut           ###.......   80%         5    ######.
c - Ice Form              Ice/Tmut       ##......     90%         4    ####...
s - Sticks to Snakes      Tmut           ###.....     8%          2    #......
x - Spider Form           Tmut/Pois      ##........   52%         3    ###....

Your spell library contained the following spells:

 Spells                   Type           Power        Failure   Level  Hunger
 Beastly Appendage        Tmut           ###...       4%          1    None


Dungeon Overview and Level Annotations

Branches:
Dungeon (7/15)             Temple (1/1) D:4

Altars:
Ashenzari
Cheibriados
Dithmenos
Fedhas
Hepliaklqana
Kikubaaqudgha
Makhleb
Nemelex Xobeh
Okawaru
Qazlal
Ru
Sif Muna
Trog
Uskayaw
Vehumet
Wu Jian
Yredelemnul
The Shining One

Annotations:
D:7 Dowan, Joseph


Message History

You hit Duvessa. Duvessa barely misses you.
You closely miss Duvessa. Duvessa barely misses you.
You hit Duvessa. Duvessa barely misses you.
You hit Duvessa but do no damage. Duvessa hits you with a rapier!
You hit Duvessa but do no damage.
Duvessa says, "My weaknesses are his strengths!"
You block Duvessa's attack.
You barely miss Duvessa. Duvessa closely misses you.
You hit Duvessa.
Duvessa gestures with her weapon.
Duvessa hits you with a rapier.
You hit Duvessa. Duvessa hits you with a rapier.
Dowan smirks and points a slender finger.
You are feeling very hungry.
You closely miss Duvessa. You block Duvessa's attack.
You hit Duvessa.
Dowan gestures wildly while chanting.
Dowan blinks!
Duvessa says, "My weaknesses are his strengths!"
You block Duvessa's attack.
You hit Duvessa. Duvessa hits you with a rapier!
* * * LOW HITPOINT WARNING * * *
You hit Duvessa. You block Duvessa's attack.
You hit Duvessa.
You kill Duvessa!
Dowan's eyes darken. "You have made a black mistake."
Dowan seems to find hidden reserves of power!
Unknown command.
Things that are here:
a rapier; a leather armour; the elf corpse of Duvessa Dowan casts a spell.
Dowan blinks!
Dowan casts a spell.
Dowan blinks!
Dowan casts a spell at you. You block the shard of ice.
You block Dowan's attack.
Found a scroll of identify.
You hit Dowan but do no damage.
Dowan casts a spell.
Dowan blinks!
Dowan casts a spell at you. The shard of ice hits you!
* * * LOW HITPOINT WARNING * * *
Aim: Dowan, wielding a dagger and wearing a runed robe (fast)
The bolt of acid misses Dowan.
Dowan gestures at you while chanting. The shard of ice hits you!
You die...
Your body disappears without a glow.

#.##.##.#######
..##.##># #.
####.##.# ?
#.##.# . #.##..
.## #.#### #..
#.# #.# #.# #.#
#.# #@#
#.###########.#
#<.........##.#
##########.##e#
#.##)#
##########
#.##.#
....!....#
#.##.#
########<#
#.##.#
#.####.##.#


You could see Dowan.

Vanquished Creatures
  Sigmund (D:2)
  2 ice beasts
  Duvessa (D:7)
  An orc warrior (D:6)
  A black bear (D:6)
  2 phantoms
  A centaur (D:6)
  A bullfrog (D:6)
  A gnoll sergeant (D:5)
  A scorpion (D:6)
  3 killer bees (D:6)
  2 howler monkeys (D:4)
  5 wights (D:7)
  3 crimson imps
  A bullfrog zombie (D:5)
  A jelly (D:4)
  3 orc priests
  A bullfrog skeleton (D:6)
  2 gnoll shamans (D:5)
  3 hounds
  Jessica (D:3)
  A centaur skeleton (D:4)
  5 iguanas
  An orc wizard (D:4)
  10 worker ants
  5 ogre zombies (Ossuary)
  A hound skeleton (D:5)
  3 mummies (Ossuary)
  2 worker ant zombies
  33 gnolls
  6 adders
  2 shadow imps
  An ooze (D:1)
  4 adder zombies
  3 adder skeletons
  7 worms
  2 dart slugs (D:1)
  4 leopard geckos
  16 orcs
  5 bats
  A giant cockroach (D:6)
  A gnoll zombie (Ossuary)
  2 goblins
  7 hobgoblins
  19 jackals
  8 kobolds
  2 quokkas
  8 frilled lizards
  2 goblin zombies (Ossuary)
  4 hobgoblin zombies (Ossuary)
  4 kobold zombies (Ossuary)
  An orc zombie (Ossuary)
  A quokka skeleton (D:5)
  6 quokka zombies (Ossuary)
  7 rats
  4 rat zombies (Ossuary)
225 creatures vanquished.

Vanquished Creatures (collateral kills)
  4 mummies (Ossuary)
4 creatures vanquished.

Vanquished Creatures (others)
  An ice beast (D:4)
1 creature vanquished.

Grand Total: 230 creatures vanquished

Notes
Turn   | Place    | Note
-------+----------+-------------------------------------------
     0 | D:1      | MalarOregon the Merfolk Transmuter began the quest for the
                  | Orb.
     0 | D:1      | Reached XP level 1. HP: 15/15 MP: 3/3
    89 | D:1      | Reached skill level 1 in Polearms
    89 | D:1      | Reached XP level 2. HP: 11/21 MP: 5/5
   838 | D:1      | Learned a level 2 spell: Sticks to Snakes
   954 | D:1      | Reached XP level 3. HP: 26/26 MP: 6/6
   965 | D:1      | Learned a level 3 spell: Spider Form
  1188 | D:1      | Reached skill level 2 in Polearms
  1849 | D:1      | Reached XP level 4. HP: 18/33 MP: 3/7
  2081 | D:2      | Noticed Sigmund
  2092 | D:2      | Killed Sigmund
  2092 | D:2      | Reached skill level 4 in Polearms
  2092 | D:2      | Reached XP level 5. HP: 30/38 MP: 2/9
  2092 | D:2      | Reached XP level 6. HP: 35/44 MP: 2/10
  3452 | D:3      | Found an iron altar of Okawaru.
  3467 | D:3      | Noticed Jessica
  3479 | D:3      | Killed Jessica
  3909 | D:4      | Found a burning altar of Makhleb.
  4038 | D:4      | Reached XP level 7. HP: 17/51 MP: 4/12
  4361 | D:4      | Found a sand-covered staircase.
  4366 | Ossuary  | Entered an ossuary
  4372 | Ossuary  | Learned a level 4 spell: Ice Form
  4463 | Ossuary  | Reached skill level 5 in Polearms
  6042 | D:4      | Found a staircase to the Ecumenical Temple.
  6082 | Temple   | Entered the Ecumenical Temple
  6351 | Temple   | Became a worshipper of Nemelex Xobeh the Trickster
  6487 | D:4      | Received a gift from Nemelex Xobeh
  6623 | D:5      | Entered Level 5 of the Dungeon
  6793 | D:5      | HP: 1/52 [acid (7)]
  6831 | D:4      | Reached skill level 6 in Polearms
  7163 | D:5      | Found a hazy altar of Hepliaklqana.
  7523 | D:4      | Reached XP level 8. HP: 20/58 MP: 14/14
  7798 | D:4      | Reached skill level 1 in Invocations
  7886 | D:5      | Reached skill level 5 in Transmutations
  7925 | D:5      | Reached skill level 5 in Dodging
  8064 | D:5      | Reached skill level 7 in Polearms
  8174 | D:5      | Reached skill level 5 in Unarmed Combat
  9127 | D:5      | Reached skill level 8 in Polearms
  9158 | D:5      | Reached XP level 9. HP: 65/65 MP: 16/16
  9174 | D:5      | Reached * piety under Nemelex Xobeh
  9229 | D:5      | Found a basalt altar of Yredelemnul.
  9761 | D:6      | Reached skill level 5 in Spellcasting
  9904 | D:6      | Learned a level 5 spell: Blade Hands
 10063 | D:6      | HP: 1/66 [orc warrior/glaive (20)]
 10071 | D:6      | Reached skill level 1 in Shields
 10933 | D:6      | Found an ornate altar of the Wu Jian Council.
 11289 | D:6      | Found a glowing golden altar of the Shining One.
 11414 | D:7      | Reached skill level 5 in Fighting
 11460 | D:7      | Reached skill level 9 in Polearms
 11500 | D:7      | Noticed Joseph
 11780 | D:7      | Noticed Dowan
 11781 | D:7      | Noticed Duvessa
 11802 | D:7      | Killed Duvessa
 11808 | D:7      | HP: 2/68 [Dowan/shard of ice (24)]
 11809 | D:7      | Killed from afar by Dowan

Skill      XL: |  1  2  3  4  5  6  7  8  9 |
---------------+----------------------------+-----
Polearms       | 1 2 4 6 8 9 |  9.1
Dodging        | 3 4 5 6 |  6.8
Transmutations | 3 4 5 6 |  6.7
Fighting       | 2 3 4 5 |  5.2
Spellcasting   | 3 4 5 |  5.5
Unarmed Combat | 4 5 6 |  6.1
Invocations    | 2 3 |  3.7
Shields        | 2 |  2.2

Action                   |  1- 3 |  4- 6 |  7- 9 || total
-------------------------+-------+-------+-------++-------
Melee: Spear             |   105 |   187 |   940 ||  1232
       Headbutt          |     3 |     9 |       ||    12
       Punch             |     2 |     5 |    23 ||    30
       Unarmed           |     6 |    35 |   120 ||   161
       Tailslap          |       |       |    16 ||    16
 Cast: Beastly Appendage |     3 |     7 |       ||    10
       Spider Form       |     1 |     4 |    16 ||    21
       Sticks to Snakes  |       |       |    11 ||    11
Evoke: Wand              |       |       |     3 ||     3
       Deck              |       |       |     1 ||     1
  Use: Scroll            |       |     8 |    13 ||    21
       Potion            |       |       |     3 ||     3
 Stab: Sleeping          |     2 |     4 |     9 ||    15
       Distracted        |       |     1 |     1 ||     2
  Eat: Chunk             |     3 |     8 |    17 ||    28
       Ration            |       |       |     3 ||     3
Armor: Robe              |    20 |    14 |    80 ||   114
Dodge: Dodged            |    75 |   105 |   529 ||   709
Block: Shield            |       |       |    36 ||    36
